 Dungeon Crawl Stone Soup version 0.32-a0-599-gba8f9cf90e (webtiles) character file.

Game seed: 9951761401156827587

16 runemasterragnar the Chopper (level 2, 0/24 HPs)
             Began as a Coglin Berserker on Mar 2, 2024.
             Was a Follower of Trog.
             Slain by a goblin
             ... wielding a +0 dagger
             ... led by Robin
              (2 damage)
             ... on level 1 of the Dungeon.
             The game lasted 00:00:40 (879 turns).

runemasterragnar the Chopper (Coglin Berserker)      Turns: 879, Time: 00:00:41

Health: 0/24       AC:  6    Str: 17    XL:     2   Next: 54%
Magic:  2/2        EV: 10    Int:  6    God:    Trog [*.....]
Gold:   33         SH:  0    Dex: 13    Spells: 1/1 levels left

rFire   . . .        a - +0 hand axe {Francisco}
rCold   . . .        c - +0 dagger {Eunkyung}
rNeg    . . .        g - +0 scale mail
rPois   .            (no helmet)
rElec   .            (no cloak)
rCorr   .            (no gloves)
SInv    .            (no boots)
Will    .....        (amulet unavailable) Stlth
                     (ring unavailable)
HPRegen 0.24/turn    (ring unavailable)
MPRegen 0.08/turn    (no gizmo)

%: no passive effects
@: attractive, revving
A: off-hand wielding, slow wielding, warmup strikes, no jewellery
a: Invent Gizmo, Renounce Religion, Berserk


You were on level 1 of the Dungeon.
You worshipped Trog.
Trog was aware of your devotion.
You visited 1 branch of the dungeon, and saw 2 of its levels.

You collected 33 gold pieces.

Inventory:

Hand Weapons
 a - a +0 hand axe (weapon) {Francisco}
 c - a +0 dagger (offhand) {Eunkyung}
Armour
 g - a +0 scale mail (worn)
Scrolls
 d - a scroll of identify {unknown}
Potions
 f - a potion of brilliance {unknown}


   Skills:
 + Level 3.2 Fighting
 * Level 3.4 Axes
 + Level 2.0 Armour
 - Level 1.7 Dodging


You had one spell level left.
You didn't know any spells.
Your spell library was empty.

Dungeon Overview and Level Annotations

Branches:
Dungeon (2/15)

Altars:

Annotations:
D:1 Terence
D:2 Robin


Innate Abilities, Weirdness & Mutations

You can wield a second weapon in your off-hand.
It takes a long time for you to wield or remove held weapons.
Your first few attacks do less damage.
You cannot equip rings or amulets.


Message History

Terence is moderately wounded.
You barely miss Terence with your +0 hand axe.
You hit the goblin with your +0 hand axe.
You kill the goblin!
Trog accepts your kill. Terence hits you but does no damage.
You hit Terence but do no damage.
Terence is moderately wounded.
You closely miss the goblin with your +0 hand axe.
You hit Terence but do no damage.
Robin roars a battlecry!
The goblins go into a battle-frenzy!
A goblin comes into view. It is wielding a +0 dagger.
Terence barely misses you. The goblin hits you with a +0 club.
The goblin shouts!
You hear a shout!
You closely miss Terence with your +0 hand axe.
Terence is moderately wounded.
You barely miss the goblin with your +0 hand axe.
You hit Terence but do no damage. The goblin hits you with a +0 club.
Terence barely misses you.
You hit Terence but do no damage.
Terence is moderately wounded.
You hit Terence but do no damage. You hit the goblin but do no damage.
Robin throws the goblin at you! The goblin hits you with a +0 dagger.
Terence hits you with a +0 short sword. The goblin hits you with a +0 club.
Unknown command.
Unknown command.
The goblin completely misses you. Terence hits you with a +0 short sword.
* * * LOW HITPOINT WARNING * * *
The goblin hits you but does no damage.
You climb upwards.
There is a stone staircase leading down here.
Unknown command.
Unknown command.
It was a potion of attraction.
You feel attractive to monsters. The goblin misses you.
Terence hits you with a +0 short sword.
* * * LOW HITPOINT WARNING * * *
The goblin hits you with a +0 dagger.
You die...

#.# #....'........##.#.
#.# #....########.##.#.
#.# #....#......#......
#.######....'..##(...##...
#.....).....#.####)#.##.#.
######..#+###.# #.#.##.##
#.#....#.####.#.##.#
#.#g...#........##.##
#..g@..+.............
##...@.######....#.##
#.....# #....#.# #.#+###
#....#.## #.#.# #....#.#.
#.#.# ####....#.#. #.#.#
#.........#.
###.#.#####.........#.
#.........'.........#.


You could see Terence and 2 goblins.

Vanquished Creatures
  A ball python (D:2)
  3 endoplasms (D:1)
  3 goblins
  A hobgoblin (D:1)
  4 bats (D:1)
  A frilled lizard (D:1)
  2 kobolds (D:1)
15 creatures vanquished.

Notes
Turn   | Place    | Note
-------+----------+-------------------------------------------
     0 | D:1      | runemasterragnar the Coglin Berserker began the quest for
                  | the Orb.
     0 | D:1      | Reached XP level 1. HP: 18/18 MP: 1/1
   493 | D:1      | Reached XP level 2. HP: 18/24 MP: 2/2
   868 | D:2      | Noticed Terence
   869 | D:2      | Noticed Robin
   879 | D:1      | Slain by a goblin

Illustrated notes

Levels and vault maps discovered:
D:1:      nicolae_arrival_somewhat_less_tricky_arrival, layout_basic
D:2:      minmay_evil_eye, layout_rooms, shapermc_ecumenical_altar_petra,
          kennysheep_generic_room_7, uniq_jessica, uniq_terence, uniq_robin

Skill      XL: |  1  2 |
---------------+-------+-----
Armour         | 2 |  2.0
Fighting       | |  3.2
Axes           | |  3.4
Dodging        | |  1.7

Action                     || total
---------------------------++-------
  Melee: Hand axe          ||    38
         Dagger            ||    35
    Use: Potion            ||     1
   Stab: Sleeping          ||     2
 Armour: Animal skin       ||    24
         Scale mail        ||    14
  Dodge: Dodged            ||    34

Table legend: (Time is in decaauts)
 A = Elapsed time spent in this place.
 B = Non-inter-level travel time spent in this place.
 C = Inter-level travel time spent in this place.
 D = Time resting spent in this place.
 E = Time spent auto-exploring this place.
 F = Levels seen in this place.
 G = Mean time per level.
                   A        B        C        D        E       F      G
               +--------+--------+--------+--------+--------+-----+--------+
         Total |    881 |    852 |     29 |      0 |    735 |   2 |  440.5 |
       Dungeon |    881 |    852 |     29 |      0 |    735 |   2 |  440.5 |
               +--------+--------+--------+--------+--------+-----+--------+

Top non-repeatable levels by time:
     D:1: 871 daAuts
     D:2: 10 daAuts
